 Dungeon Crawl Stone Soup version 0.19.1-1-g22dce08 (webtiles) character file.

24 ponk the Magician (level 2, 0/19 HPs)
             Began as a Mummy Wizard on Jan 13, 2017.
             Slain by a hobgoblin
             ... wielding a +0 club
              (1 damage)
             ... on level 1 of the Dungeon.
             The game lasted 00:03:53 (938 turns).

ponk the Magician (Mummy Wizard)                     Turns: 938, Time: 00:03:54

Health: 0/19       AC:  2    Str: 10    XL:     2   Next: 79%
Magic:  0/6        EV: 12    Int: 17    God:
Gold:   19         SH:  0    Dex: 10    Spells: 2 memorised, 4 levels left

rFire  x . .     SeeInvis .     (no weapon)
rCold  + . .     Gourm    .     a - +0 robe
rNeg   + + +     Faith    .     (no shield)
rPois  ∞         Spirit   +     b - +0 hat
rElec  .         Reflect  .     (no cloak)
rCorr  .         Harm     .     (no gloves)
MR     .....                    (no boots)
Stlth  ++........               f - amulet of guardian spirit
                                (no ring)
                                (no ring)

@: very slightly contaminated
A: no food or potions, fire vulnerability, cold resistance 1, negative energy
resistance 3, torment resistance, unbreathing
a: no special abilities


You were on level 1 of the Dungeon.
You were not hungry.

You visited 1 branch of the dungeon, and saw 2 of its levels.

You collected 19 gold pieces.

Inventory:

Armour
 a - a +0 robe (worn)
 b - a +0 hat (worn)
Jewellery
 f - an amulet of guardian spirit (around neck)
Scrolls
 d - a scroll of amnesia {unknown}
 e - a scroll of remove curse {unknown}
 g - a scroll of recharging {unknown}
 h - a scroll of enchant armour {unknown}
Books
 c - a book of Minor Magic

   Spells                             Type                      Level
   a - Magic Dart                     Conjuration                  1
   b - Blink                          Translocation                2
   c - Call Imp                       Summoning                    2
   d - Repel Missiles                 Charms/Air                   2
   e - Slow                           Hexes                        2
   f - Conjure Flame                  Conjuration/Fire             3
   g - Mephitic Cloud                 Conjuration/Poison/Air       3


   Skills:
 - Level 1.5 Dodging
 - Level 1.5 Stealth
 - Level 3.1 Spellcasting
 * Level 2.1 Conjurations
 - Level 0.7 Summonings
   Level 0.7 Translocations


You had 4 spell levels left.
You knew the following spells:

 Your Spells              Type           Power        Failure   Level  Hunger
a - Magic Dart            Conj           ##..         10%         1    N/A
b - Call Imp              Summ           #.......     21%         2    N/A

Dungeon Overview and Level Annotations

Branches:
Dungeon (2/15)

Altars:


Innate Abilities, Weirdness & Mutations

You do not eat or drink.
Your flesh is vulnerable to fire.
You are immune to poison.
Your flesh is cold resistant. (rC+)
You are immune to negative energy. (rN+++)
You are immune to unholy pain and torment.
You can survive without breathing.


Message History

The hobgoblin barely misses you.
The hobgoblin hits you but does no damage.
The hobgoblin hits you with a club.
The hobgoblin hits you but does no damage.
The hobgoblin barely misses you.
Put on which piece of jewellery? (? for menu, Esc to quit)
You're already wearing that object!
The hobgoblin hits you with a club. The hobgoblin hits you with a club.
The hobgoblin hits you with a club.
* * * LOW HITPOINT WARNING * * *
The hobgoblin completely misses you. The hobgoblin hits you with a club.
* * * LOW HITPOINT WARNING * * *
The hobgoblin misses you. The hobgoblin barely misses you.
The hobgoblin hits you with a club. The hobgoblin barely misses you.
The hobgoblin hits you with a club.
You die...

#### #.# ≈.<..♣♣♣♣ #.#
≈≈..(..<♣♣ #.# ###
P≈≈≈.P...♣# #.# #..
PPP≈≈.....### #.# ##.#
≈≈≈≈≈≈....'.###.###...
.>..≈≈≈≈≈≈#..†...)....
###############.###...
#@# #.# ##.#
#g#########.####.#
#...........(.....
###########.####..
###.####). #((...((.(
###### #.#.######
#....# #g#....... #.
#.###.#...####


You could see a hobgoblin.

Vanquished Creatures
  A giant cockroach (D:1)
  4 goblins (D:1)
  2 hobgoblins (D:1)
  2 bats (D:1)
  A kobold (D:1)
  A rat (D:1)
11 creatures vanquished.

Vanquished Creatures (collateral kills)
  2 adders (D:2)
  A goblin (D:1)
  2 bats (D:1)
5 creatures vanquished.

Grand Total: 16 creatures vanquished

Notes
Turn   | Place    | Note
-------+----------+-------------------------------------------
     0 | D:1      | ponk the Mummy Wizard began the quest for the Orb.
     0 | D:1      | Reached XP level 1. HP: 13/13 MP: 4/4
   135 | D:1      | Reached skill level 1 in Conjurations
   233 | D:1      | Reached XP level 2. HP: 19/19 MP: 0/6
   296 | D:1      | Learned a level 2 spell: Call Imp
   560 | D:1      | You fall through a shaft!
   938 | D:1      | Slain by a hobgoblin

Skill      XL: |  1  2 |
---------------+-------+-----
Conjurations   | 1 2 |  2.1
Dodging        | |  1.5
Stealth        | |  1.5
Spellcasting   | |  3.1
Summonings     | |  0.7
Translocations | |  0.7

Action                   || total
-------------------------++-------
Melee: Unarmed           ||    20
 Cast: Magic Dart        ||    24
       Call Imp          ||     7
Armor: Robe              ||    13
Dodge: Dodged            ||    35
